[Event "Pervenstvo PFO 2023_Y19_Rapid"]
[Site "Samara region, Russia"]
[Date "2023.11.11"]
[Round "1.1"]
[White "Mochalov, Dmitriy"]
[Black "Rekonchishek, Egor"]
[Result "1-0"]
[TimeControl "10:5"]
[WhiteFideId "44179634"]
[BlackFideId "34221476"]
[WhiteElo "2194"]
[BlackElo "1569"]

1. d4 d5 2. Nf3 Nf6 3. c4 c6 4. Nbd2 a6 5. g3 Bf5 6. Bg2 h6 7. O-O e6 8.
b3 Nbd7 9. Bb2 Ne4 10. Ne1 Nxd2 11. Qxd2 Be7 12. Nd3 O-O 13. Rae1 a5 14. f3 a4 15. e4 Bg6 16. Bc3 axb3 17.
axb3 b6 18. Nf4 Bg5 19. h4 Bxf4 20. Qxf4 Ra3 21. Bb4 Rxb3 22. Bxf8 Qxf8 23. cxd5 cxd5 24. exd5 exd5 25. Re3 Rb2 26. Rf2 Rb1+ 27. Kh2 Nf6 28.
g4 Qc8 29. h5 Bc2 30. Bh3 Qa6 31. Rxc2 Qa1 32. Rc8+ Kh7 33. Qf5+ g6 34. Qxg6+ 1-0

[Event "Pervenstvo PFO 2023_Y19_Rapid"]
[Site "Samara region, Russia"]
[Date "2023.11.11"]
[Round "1.2"]
[White "Nigmadzyanov, Ruslan R."]
[Black "Konstantinov, Nikita"]
[Result "0-1"]
[TimeControl "10:5"]
[WhiteFideId "34224670"]
[BlackFideId "44165250"]
[WhiteElo "1542"]
[BlackElo "2074"]

1. e4 e5 2. Nf3 Nc6 3. Bb5 Nf6 4. O-O d6 5. d4 exd4 6. Nxd4 Bd7 7.
Bxc6 bxc6 8. Qf3 c5 9. Nf5 Bxf5 10. exf5 Be7 11. b3 O-O 12. Bb2 Nd7 13. Nd2 Bf6 14. Bxf6 Nxf6 15. Rad1 Re8 16.
Rfe1 Qd7 17. Rxe8+ Rxe8 18. Nc4 d5 19. Nb2 Qe7 20. h3 Qe5 21. Nd3 Qc3 22. Rc1 h6 23. Qf4 Re7 24. a4 c4 25. bxc4 dxc4 26. Nc5 Qa3 27. Na6 Qxa4 28. Nxc7 Qc6 29.
Ne6 fxe6 30. fxe6 Qxe6 31. Rb1 Kh7 32. g3 Qe4 33. Qd2 Qf3 34. Re1 Rxe1+ 35. Qxe1 Ne4 36. Kf1 Nxg3+ 0-1

[Event "Pervenstvo PFO 2023_Y19_Rapid"]
[Site "Samara region, Russia"]
[Date "2023.11.11"]
[Round "1.3"]
[White "Pukhov, Ivan"]
[Black "Gimazetdinov, Amir"]
[Result "1/2-1/2"]
[TimeControl "10:5"]
[WhiteFideId "34301895"]
[BlackFideId "54142440"]
[WhiteElo "1955"]
[BlackElo "1749"]

1. Nf3 Nf6 2. g3 d5 3.
Bg2 c6 4. O-O g6 5. d4 Bg7 6. c4 Nbd7 7. Ne5 O-O 8.
Nc3 dxc4 9. Nxc4 Nb6 10. Ne5 Nfd5 11. Ne4 Nd7 12. Nxd7 Bxd7 13. Nc5 Qc8 14. e4 Nb6 15. Bg5 Re8 16.
a4 Bh3 17. Bxh3 Qxh3 18. Nxb7 Rab8 19. Na5 Rbc8 20. Rc1 Qe6 21. Re1 Red8 22. e5 c5 23. Nb3 Nxa4 24. Ra1 Qd7 25. Nxc5 Nxc5 26.
dxc5 Qf5 27. Qc1 Bxe5 28. Bxe7 Re8 29.
Bd6 Bd4 30. Rxe8+ Rxe8 31. Qf4 Qd3 32. Rf1 Bxb2 33. Qa4 Rc8 34. Qb4 Bd4 35. Qb7 Qf5 36. c6 Bb6 37. Bf4 g5 38. Be3 Bxe3 39. fxe3 Qe6 40. c7 Qxe3+ 41. Kg2 Qe6 42. Rf2 Qd7 43.
Rc2 a5 44. h3 a4 45. Qa7 a3 46. Qxa3 Rxc7 47. Qa8+ Kg7 48.
Qa1+ f6 49. Rf2 Qc6+ 50. Kh2 Rd7 51.
Qe1 h5 52. Qe8 h4 53. gxh4 Qd6+ 54. Kg2 Qd5+ 55. Kg3 gxh4+ 56. Kh2 Qd6+ 57. Kh1 Qd1+ 58. Kh2 Qd6+ 59. Kh1 Qd1+ 60. Kh2 Qd6+ 61. Kh1 Qd1+ 62. Kh2 Qd6+ 63. Kh1 Qd1+ 64. Kh2 Qd6+ 1/2-1/2

[Event "Pervenstvo PFO 2023_Y19_Rapid"]
[Site "Samara region, Russia"]
[Date "2023.11.11"]
[Round "1.4"]
[White "Panakulov, Timur"]
[Black "Tarasenko, Iaroslav"]
[Result "0-1"]
[TimeControl "10:5"]
[WhiteFideId "44171846"]
[BlackFideId "44196008"]
[WhiteElo "1170"]
[BlackElo "2080"]

1. d4 Nf6 2. Bf4 d5 3.
e3 e6 4. Nf3 c5 5. c3 Bd6 6. Bg3 Nc6 7. Bb5 O-O 8. Nbd2 Ne7 9. Bxd6 Qxd6 10. Bd3 Nc6 11. O-O e5 12. dxe5 Nxe5 13. Nxe5 Qxe5 14. Nf3 Qh5 15. h3 Be6 16. Qc2 Bxh3 17. gxh3 Qxf3 18. Kh2 g6 19. Rg1 Ne4 20. Bxe4 dxe4 21. Rg3 Qf5 22. Rg4 Qe5+ 23. Kg2 f5 24. Rg3 Rae8 25.
Qb3+ Rf7 26. Rd1 f4 27. exf4 Qxf4 28.
Qc2 e3 29. f3 Re5 30. Qe2 Rg5 31. Rxg5 Qxg5+ 32. Kh2 Qf4+ 33. Kg2 Re7 34. Rd5 b6 35. c4 Rf7 36. Rd8+ Rf8 37. Rd5 Re8 38. b3 Re5 39. Rxe5 Qxe5 40. h4 Qd4 41. f4 Qxf4 42. Qf3 Qxf3+ 43. Kxf3 Kf7 44. Kxe3 Kf6 45. Kf4 h6 46. Ke4 g5 47. hxg5+ hxg5 48. Kd5 g4 49. Kc6 g3 50. Kb7 g2 51. Kxa7 g1=Q 52. Kxb6 Qb1 53. Kxc5 Qxa2 54. b4 Qa7+ 55. Kb5 Ke6 56. c5 Kd5 57. c6 Qb8+ 0-1

[Event "Pervenstvo PFO 2023_Y19_Rapid"]
[Site "Samara region, Russia"]
[Date "2023.11.11"]
[Round "1.5"]
[White "Galyaviev, Samat"]
[Black "Sengatullin, Aidar"]
[Result "1-0"]
[TimeControl "10:5"]
[WhiteFideId "44168470"]
[BlackFideId "34189138"]
[WhiteElo "2030"]
[BlackElo "1376"]

1. d4 d5 2. Nf3 Nf6 3.
Bf4 e6 4. e3 Bd6 5. Ne5 Nbd7 6. Nd2 c5 7. Nxf7 Kxf7 8.
Bxd6 Qb6 9. dxc5 Qxb2 10. Nb3 Ne4 11. Qd4 Qxc2 12. Be2 Ndf6 13. Bg3 Bd7 14. Bd3 Qc3+ 15. Qxc3 Nxc3 16. f3 Rac8 17. Kd2 Na4 18. Rac1 b6 19.
Ba6 bxc5 20. Bxc8 Rxc8 21. Be5 c4 22. Na1 Bb5 23. Bc3 Nc5 24. Rb1 Nce4+ 25. fxe4 Nxe4+ 26. Kc2 Ba4+ 27. Kb2 Rb8+ 28. Ka3 Rxb1 29. Rxb1 Nxc3 30. Rc1 Nd1 31. Kxa4 Nxe3 32. Nc2 Nxg2 33.
Rf1+ Ke7 34. Rg1 Nf4 35. Rxg7+ Kd6 36. Rxh7 e5 37. Kb5 c3 38. Rh6+ Ne6 39. Kb4 d4 40. Kc4 Ke7 41. Rh3 Ng5 42. Rg3 Kf6 43. Kd3 Ne6 44.
Rf3+ Kg6 45. Kc4 e4 46. Rg3+ Kf5 47. Nxd4+ Nxd4 48. Kxd4 1-0

[Event "Pervenstvo PFO 2023_Y19_Rapid"]
[Site "Samara region, Russia"]
[Date "2023.11.11"]
[Round "1.6"]
[White "Yudin, Danil"]
[Black "Evtukhov, Lev"]
[Result "1/2-1/2"]
[TimeControl "10:5"]
[WhiteFideId "44171986"]
[BlackFideId "44173210"]
[WhiteElo "1786"]
[BlackElo "1923"]

1. d4 d5 2. c4 e6 3. Nc3 Be7 4. cxd5 exd5 5. Bf4 c6 6. e3 Nf6 7. Bd3 O-O 8. h3 Bd6 9.
Bxd6 Qxd6 10. Nge2 Nbd7 11. Ng3 Re8 12.
Nf5 Qb4 13. a3 Qf8 14. O-O Ne4 15. Bxe4 dxe4 16. d5 Nf6 17. Ng3 Rd8 18. Qb3 cxd5 19. Rfd1 Be6 20. Qxb7 Rdb8 21. Qa6 Rxb2 22. Nge2 Rb6 23. Qa5 Qc8 24. Rac1 Qa6 25. Qc5 Rc6 26.
Qb4 Rc4 27. Qb2 Rac8 28. Nf4 Qa5 29.
Nfe2 h6 30. a4 Rb4 31. Qa3 Rcc4 32.
Nd4 a6 33. Nb3 Qb6 34. Nd4 Nd7 35. a5 Qb7 36. Na2 Ra4 37. Qe7 Rxa2 38. Nxe6 fxe6 39. Qxe6+ Kh7 40. Rxc4 dxc4 41. Rxd7 Ra1+ 42. Kh2 Qb8+ 43. Qd6 Qxd6+ 44. Rxd6 Rxa5 45. Rc6 Ra4 46.
Kg3 a5 47. Kf4 Ra2 48. Kxe4 Rxf2 49.
g4 1/2-1/2

[Event "Pervenstvo PFO 2023_Y19_Rapid"]
[Site "Samara region, Russia"]
[Date "2023.11.11"]
[Round "1.8"]
[White "Kurulev, Egor"]
[Black "Kunakkuzin, Rinat"]
[Result "0-1"]
[TimeControl "10:5"]
[WhiteFideId "34187097"]
[BlackFideId "54126584"]
[WhiteElo "1332"]
[BlackElo "1925"]

1. e4 c6 2. Nf3 d5 3. Nc3 dxe4 4. Nxe4 Nf6 5. Nxf6+ exf6 6. d4 Bd6 7. Bd3 O-O 8. O-O Bg4 9. h3 Bh5 10. Re1 Bg6 11. Bxg6 hxg6 12. Qd3 Na6 13. c3 Nc7 14. Nd2 c5 15. Ne4 f5 16. Nxd6 Qxd6 17. Qc4 cxd4 18. Qxd4 Qxd4 19. cxd4 Rfe8 20. Kf1 Re4 21. Rxe4 fxe4 22. Be3 Nd5 23. Rc1 Kf8 24. Rc5 Rd8 25. Ke2 Ke7 26. f3 exf3+ 27. Kxf3 Ke6 28. Ke4 f5+ 29. Kd3 Rd7 30. g3 b6 31. Rc6+ Kf7 32. a3 Ne7 33. Rc2 Nd5 34. Bg5 Rc7 35. Re2 Rd7 36. Rc2 Nc7 37. Bf4 Ne6 38. Be5 g5 39. Rc6 Nc5+ 40. Kc4 Ne4 41. Rc7 Rxc7+ 42. Bxc7 Ke6 43. d5+ Kd7 44. Be5 Nd6+ 45. Kd4 g6 46. Bf6 Nf7 47. h4 gxh4 48. gxh4 Kd6 49. Bg7 a6 50. Bf8+ Kd7
51. Bb4 Nd6 52. Bd2 b5 53. Bc3 Nc4 54. Kc5 Kc7 55. a4 f4 56. axb5 f3 57. Bd4 axb5 58. Kxb5 Nd2 59. Be5+ Kd7 60. Bd4 0-1

[Event "Pervenstvo PFO 2023_Y19_Rapid"]
[Site "Samara region, Russia"]
[Date "2023.11.11"]
[Round "1.9"]
[White "Babkov, Timofey"]
[Black "Pozdnyakov, Egor Dm."]
[Result "1-0"]
[TimeControl "10:5"]
[WhiteFideId "54135931"]
[BlackFideId "34416099"]
[WhiteElo "1855"]
[BlackElo "1262"]

1. e4 c5 2. Nf3 g6 3. d4 cxd4 4. Nxd4 Nc6 5. Nc3 Bg7 6.
Be3 Nf6 7. Nxc6 bxc6 8. e5 Nd5 9. Nxd5 cxd5 10. Qxd5 Rb8 11. O-O-O O-O 12. Bxa7 Rb7 13. Bd4 d6 14. exd6 Bxd4 15.
Qxd4 exd6 16. Bc4 Qa5 17. Qxd6 Bf5 18. Qd2 Qa4 19. Bd5 Rb5 20. Qe2 Rc8 21. c3 Rxc3+ 22. bxc3 Rb1+ 23. Kd2 Rb2+ 24. Ke1 Rxe2+ 25. Kxe2 Qc2+ 26.
Rd2 Qxc3 27. Re1 Qe5+ 28. Kf1 Qxh2 29. Re8+ Kg7 30. Re7 Bg4 31. Rxf7+ Kh6 32. g3 Bh3+ 33. Ke2 Qg1 34. Rd4 Bf1+ 35. Kd2 g5 36. Bb3 Ba6 37.
Rd6+ Kh5 38. Bd1+ g4 39.
Rf5# 1-0

[Event "Pervenstvo PFO 2023_Y19_Rapid"]
[Site "Samara region, Russia"]
[Date "2023.11.11"]
[Round "1.10"]
[White "Musin, Ramazan"]
[Black "Sadykov, Ilgiz A."]
[Result "1/2-1/2"]
[TimeControl "10:5"]
[WhiteFideId "24209562"]
[BlackFideId "34286217"]
[WhiteElo "1318"]
[BlackElo "1675"]

1. d4 Nf6 2. c4 e6 3. g3 Bb4+ 4. Bd2 c5 5. Nf3 Nc6 6. a3 Bxd2+ 7. Qxd2 d6 8. dxc5 dxc5 9. Qxd8+ Nxd8 10. Nc3 O-O 11. Bg2 Nc6 12.
O-O e5 13. Na4 Be6 14. b3 b6 15. Ng5 Bd7 16. Rfd1 Rac8 17. Ne4 Nxe4 18. Rxd7 Nf6 19. Bxc6 Rxc6 20. Rxa7 Rd6 21. Rb7 Nd7 22.
Nc3 1/2-1/2

[ePGN "0.1;DGT LiveChess/2.2.5"]

[Event "Pervenstvo PFO 2023_Y19_Rapid"]
[Site "Samara region, Russia"]
[Date "2023.11.11"]
[Round "2.1"]
[White "Ivanov, Matvei"]
[Black "Mochalov, Dmitriy"]
[Result "1-0"]
[TimeControl "10:5"]
[WhiteFideId "54131987"]
[BlackFideId "44179634"]
[WhiteElo "1918"]
[BlackElo "2194"]

1. Nf3 Nf6 2. g3 b5 3. Bg2 Bb7 4.
O-O e6 5. d3 d6 6. e4 Nbd7 7. c3 Be7 8. Nd4 c6 9. f4 a6 10. Be3 Qc7 11. Kh1 c5 12. Nf3 c4 13. dxc4 bxc4 14.
Nfd2 h5 15. h3 d5 16. e5 Ng8 17. Nf3 Nh6 18. Nd4 Bc5 19. Qxh5 g6 20. Qf3 Nf5 21. Nxf5 gxf5 22. b4 Bb6 23.
Na3 Rb8 24. Bd4 Bxd4 25. cxd4 Bc6 26. Rab1 Ba8 27. Kh2 Qa7 28. Nc2 Nb6 29. Qa3 Qe7 30. Qxa6 O-O 31. b5 c3 32. Rb3 Rfc8 33. Rf3 Nc4 34. Rfxc3 Bb7 35. Qa4 Ra8 36.
Qb4 Qd7 37. a4 Rcb8 38. Ne3 Nd2 39.
Rb2 Ne4 40. Rc1 Rc8 41. Rbc2 Rxc2 42. Rxc2 Rc8 43. Rxc8+ Qxc8 44. Bxe4 dxe4 45. Qc5
Qd8 46. b6 Qd7 47. Qc7 Qxd4 48. Ng2 Qd5 49. Qd6 Qxd6 50. exd6 Kf8 51. Ne3 Ke8 52. a5 Kd7 53. Nc4 f6 54. h4 Ba6 55. h5 Kc6 56. h6 Bxc4 57. h7 e3 58.
Kg1 e2 59. Kf2 e5 60. h8=Q e4 61. Qxf6 e3+ 62. Ke1 Bb3 1-0

[Event "Pervenstvo PFO 2023_Y19_Rapid"]
[Site "Samara region, Russia"]
[Date "2023.11.11"]
[Round "2.2"]
[White "Konstantinov, Nikita"]
[Black "Siyalov, Mikhail"]
[Result "1-0"]
[TimeControl "10:5"]
[WhiteFideId "44165250"]
[BlackFideId "24276359"]
[WhiteElo "2074"]
[BlackElo "1691"]

1. e4 d5 2. exd5 Qxd5 3. Nc3 Qa5 4. Nf3 Nf6 5. Be2 Bg4 6. h3 Bh5 7. O-O e6 8.
d4 Nbd7 9. Bd2 c6 10. Ne4 Qc7 11. Nxf6+ Nxf6 12. Ne5 Bxe2 13. Qxe2 Bd6 14. Bg5 O-O 15. Rad1 Nd7 16. Nd3 e5 17.
dxe5 Nxe5 18. Rfe1 Rae8 19. Qe4 Nxd3 20. Qxd3 Rxe1+ 21. Rxe1 Be5 22. c3 f6 23. Be3 Rd8 24. Qe4 b6 25. Qc4+ Kh8 26. a4 Qd7 27. Qa6 c5 28.
a5 Qd1 29. Kf1 Qd3+ 30. Qxd3 Rxd3 31. axb6 axb6 32. f4 Bc7 33. Bxc5 Kg8 34. Re8+ 1-0

[Event "Pervenstvo PFO 2023_Y19_Rapid"]
[Site "Samara region, Russia"]
[Date "2023.11.11"]
[Round "2.3"]
[White "Tarasenko, Iaroslav"]
[Black "Berezin, Zachar"]
[Result "1-0"]
[TimeControl "10:5"]
[WhiteFideId "44196008"]
[BlackFideId "44139322"]
[WhiteElo "2080"]
[BlackElo "1658"]

1. e4 d6 2. d4 e5 3.
Nf3 Nd7 4. Bd3 Be7 5. O-O Ngf6 6.
c3 O-O 7. Bg5 c6 8. Nbd2 h6 9. Bh4 Qc7 10. Re1 Rd8 11. Rc1 Nf8 12. Bg3 Ng6 13.
Nh4 Nxh4 14. Bxh4 Bg4 15. Qc2 Bh5 16. Nc4 Bg6 17. a4 Nh5 18. Bxe7 Qxe7 19. g3 Qf6 20. dxe5 dxe5 21. Ne3 Qf3 22. Be2 Qf6 23. Qb3 b6 24. Qc4 Rac8 25. Bg4 Rc7 26.
Rcd1 Rxd1 27. Rxd1 Qg5 28. Rd6 Nf4 29. h4 Qe7 30.
Rxc6 Rd7 31. Bxd7 Qxd7 32. gxf4 exf4 33. Rxg6 fxe3 34. fxe3 Qd1+ 35. Kh2 Qh5 36. Rg3 Qxh4+ 37. Kg2 Qd8 38. Qd4 1-0

[Event "Pervenstvo PFO 2023_Y19_Rapid"]
[Site "Samara region, Russia"]
[Date "2023.11.11"]
[Round "2.4"]
[White "Lydin, Vladislav"]
[Black "Galyaviev, Samat"]
[Result "1-0"]
[TimeControl "10:5"]
[WhiteFideId "44195990"]
[BlackFideId "44168470"]
[WhiteElo "2005"]
[BlackElo "2030"]

1. Nf3 Nf6 2. g3 b5 3. Bg2 Bb7 4. O-O e6 5. d3 d5 6. b3 c5 7. c4 dxc4 8. bxc4 b4 9. Bb2 Be7 10. Qc2 O-O 11. Nbd2 Nc6 12. e4 Nd7 13. e5 Qc7 14.
Rfe1 a5 15. a4 bxa3 16. Rxa3 Nb4 17. Qc3 Rfd8 18. Ne4 Bxe4 19. Rxe4 Rab8 20. Bc1 Nf8 21. d4 cxd4 22. Nxd4 Rbc8 23.
Be3 Nd5 24. cxd5 exd5 25. Qxc7 Rxc7 26. Rg4 Bxa3 27. Nb5 d4 28. Bg5 Be7 29. Nxc7 Bxg5 30. Rxg5 d3 31. Bf3 d2 32. Bd1 Rc8 33. Nd5 Rc1 34. Ne3 Ne6 35. Rg4 h5 36. Ra4 g6 37. Kg2 h4 38. Ra2 h3+ 39. Kxh3 Ng5+ 1-0

[Event "Pervenstvo PFO 2023_Y19_Rapid"]
[Site "Samara region, Russia"]
[Date "2023.11.11"]
[Round "2.5"]
[White "Kunakkuzin, Rinat"]
[Black "Nasyrov, Danil R."]
[Result "1-0"]
[TimeControl "10:5"]
[WhiteFideId "54126584"]
[BlackFideId "34290257"]
[WhiteElo "1925"]
[BlackElo "1234"]

1. a3 a6 2. d4 d5 3. Nf3 Nf6 4. e3 Bf5 5. Be2 e6 6. O-O Be7 7. Nbd2 O-O 8. b3 c5 9. Bb2 b6 10. c4 Nbd7 11. Nh4 Bg6 12.
Nxg6 hxg6 13. Nf3 dxc4 14. Bxc4 b5 15. Be2 Qb6 16. a4 Rac8 17. axb5 axb5 18. dxc5 Nxc5 19. Nd4 b4 20. Bc4 Nfe4 21.
Qe1 Ra8 22. f3 Nd6 23. Qe2 Nxc4 24. Qxc4 Rfc8 25. Rxa8 Rxa8 26. Nc2 Ra2 27. Bd4 Qa5 28. Nxb4 Nxb3 29. Nxa2 Qxa2 30. Ra1 Qd2 31.
Qxb3 Bh4 32. Qb2 Qd3 33. g3 Be7 34. Kf2 Bg5 35. Qe2 Qb3 36. Ra8+ Kh7 37. Ra7 f6 38. h4 Bh6 39. Bxf6 Qb1 40.
Kg2 Qb6 41. Bd4 Qd6 42. Qb2 1-0

[Event "Pervenstvo PFO 2023_Y19_Rapid"]
[Site "Samara region, Russia"]
[Date "2023.11.11"]
[Round "2.6"]
[White "Galdeev, Lev"]
[Black "Babkov, Timofey"]
[Result "0-1"]
[TimeControl "10:5"]
[WhiteFideId "55780628"]
[BlackFideId "54135931"]
[WhiteElo "1336"]
[BlackElo "1855"]

1. e4 c5 2. Nc3 e6 3. d4 cxd4 4. Qxd4 Nc6 5. Qd3 Nf6 6. Bf4 Bb4 7. Nge2 d5 8.
O-O-O dxe4 9. Nxe4 Qxd3 10. Nxf6+ gxf6 11. Rxd3 e5 12. Be3 Bf5 13. Rd1 Rc8 14. Ng3 Bg6 15. Bd3 Ne7 16. a3 Ba5 17.
h4 Bxd3 18. Rxd3 f5 19. Bg5 Bb6 20.
Rhd1 Rd8 21. Rxd8+ Bxd8 22. Nxf5 Nc6 23. Nd6+ Kf8 24. Bh6+ Ke7 25. Nxb7 Bb6 26.
Rd2 Nd4 27. Bg7 Rc8 28. Kb1 f6 29. c3 Nf5 30. Bxf6+ Kxf6 31. Nd6 Nxd6 32. Rxd6+ Ke7 33. Rh6 Rg8 34. Rxh7+ Kf6 35. Rh6+ Kf5 36. Rh5+ Ke6 37. Rh6+ Kd5 38. Rf6 Rxg2 39.
h5 Rxf2 40. Rxf2 Bxf2 41. Kc2 Ke4 42. h6 Bh4 43. h7 Bf6 44. Kd2 Kf3 45. c4 e4 46. c5 e3+ 0-1

[Event "Pervenstvo PFO 2023_Y19_Rapid"]
[Site "Samara region, Russia"]
[Date "2023.11.11"]
[Round "2.7"]
[White "Davydov, Dmitriy"]
[Black "Pukhov, Ivan"]
[Result "1/2-1/2"]
[TimeControl "10:5"]
[WhiteFideId "54185580"]
[BlackFideId "34301895"]
[WhiteElo "1573"]
[BlackElo "1955"]

1. Nf3 Nf6 2. g3 g6 3. Bg2 Bg7 4. O-O O-O 5. d3 d5 6. c4 c5 7. Nbd2 Nc6 8.
Nb3 b6 9. Bd2 Bb7 10. Re1 dxc4 11. dxc4 Ne4 12. Qc2 Nxd2 13. Nbxd2 Qc7 14. Rad1 Rfd8 15. a3 Rac8 16. Nb1 Nd4 17. Nxd4 cxd4 18. Bxb7 Qxb7 19.
Rd3 Qc6 20. Nd2 b5 21. b3 e5 22. e4 dxe3 23. Rexe3 Rxd3 24. Qxd3 a6 25. Re1 h5 26. Rc1 h4 27. Qf3 Bh6 28.
Qxc6 Rxc6 29. Rc2 Bxd2 30. Rxd2 bxc4 31. Rc2 hxg3 32. hxg3 Kf8 33. Rxc4 Rxc4 34. bxc4 Ke7 35. Kf1 Kd6 36. Ke2 Kc5 37. Kd3 f5 38. f3 a5 39. g4 fxg4 40. fxg4 g5 41. Ke4 Kxc4 42. Kxe5 Kb3 43. Kf5 Kxa3 44. Kxg5 Kb4 45. Kf5 a4 46. g5 a3 47. g6 a2 48. g7 a1=Q 49. g8=Q Qf1+ 50. Kg6 Qg2+ 51. Kf7 Qf3+ 52. Ke7 Qb7+ 53. Kf6 Qf3+ 54. Ke7 Qe4+ 55.
Qe6 Qxe6+ 56. Kxe6 1/2-1/2

[Event "Pervenstvo PFO 2023_Y19_Rapid"]
[Site "Samara region, Russia"]
[Date "2023.11.11"]
[Round "2.8"]
[White "Evtukhov, Lev"]
[Black "Musin, Ramazan"]
[Result "1-0"]
[TimeControl "10:5"]
[WhiteFideId "44173210"]
[BlackFideId "24209562"]
[WhiteElo "1923"]
[BlackElo "1318"]

1. d4 Nf6 2. c4 e6 3. Nc3 Bb4 4. Bd2 b6 5. Nf3 Bb7 6. e3 O-O 7. Be2 d6 8. O-O Nbd7 9. a3 Bxc3 10. Bxc3 Ne4 11. Be1 f5 12. d5 e5 13. Nd2 Ndc5 14. f3 Nxd2 15. Bxd2 Rf6 16. b4 Nd7 17. Bc3 f4 18. exf4 Rxf4 19. Bd3 Ba6 20. Qe2 Qe7 21. Bd2 Rf7 22. Qe4 Nf6 23. Qh4 Raf8 24. Rae1 Bc8 25. Bg5 h6 26. Bd2 Nh7 27. Qg3 Kh8 28. f4 Bf5 29. Bxf5 Rxf5 30. fxe5 Rxf1+ 31. Rxf1 Rxf1+ 32.
Kxf1 dxe5 33. Bc3 Qf7+ 34. Qf3 Qf4 35. Qxf4 exf4 36. Be5 Kg8 37. Bxf4 1-0

[Event "Pervenstvo PFO 2023_Y19_Rapid"]
[Site "Samara region, Russia"]
[Date "2023.11.11"]
[Round "2.9"]
[White "Banyaev, Ivan S"]
[Black "Azizyan, Levon"]
[Result "0-1"]
[TimeControl "10:5"]
[WhiteFideId "55619479"]
[BlackFideId "44151888"]
[WhiteElo "1061"]
[BlackElo "1940"]

1. d4 Nf6 2. c4 g6 3. Nc3 d5 4. cxd5 Nxd5 5.
e4 Nxc3 6. bxc3 Bg7 7. Be3 c5 8. Bb5+ Nc6 9.
Ne2 O-O 10. O-O cxd4 11. cxd4 Bg4 12. f3 Bd7 13. Rc1 a6 14. Bc4 Rc8 15. Kh1 b5 16. Bb3 Na5 17. Qd2 Nxb3 18. axb3 e6 19.
Rxc8 Bxc8 20. Rc1 Bb7 21. Bg5 Qd7 22.
Bf4 Rc8 23. Rxc8+ Qxc8 24. d5 exd5 25. exd5 Qd7 26. d6 h5 27. Qc1 Bc6 28. Qa3 Qb7 29. Qa5 Bxf3 30. Qc7 Bxg2+ 31. Kg1 Qxc7 32. dxc7 Bb7 33. Nc1 Kf8 34. Nd3 Ke7 35. Nc5 Bd4+ 0-1

[Event "Pervenstvo PFO 2023_Y19_Rapid"]
[Site "Samara region, Russia"]
[Date "2023.11.11"]
[Round "3.1"]
[White "Babkov, Timofey"]
[Black "Konstantinov, Nikita"]
[Result "1-0"]
[TimeControl "10:5"]
[WhiteFideId "54135931"]
[BlackFideId "44165250"]
[WhiteElo "1855"]
[BlackElo "2074"]

1. e4 e5 2. Nf3 Nc6 3. Bc4 Bc5 4. c3 Nf6 5. d3 O-O 6. Nbd2 d6 7. h3 a6 8.
Nf1 Na5 9. Bb3 Nxb3 10. axb3 Be6 11.
Ng3 d5 12. Nxe5 dxe4 13. d4 Bd6 14. Bg5 Bxe5 15. dxe5 Qxd1+ 1-0

[Event "Pervenstvo PFO 2023_Y19_Rapid"]
[Site "Samara region, Russia"]
[Date "2023.11.11"]
[Round "3.2"]
[White "Ivanov, Matvei"]
[Black "Tarasenko, Iaroslav"]
[Result "1/2-1/2"]
[TimeControl "10:5"]
[WhiteFideId "54131987"]
[BlackFideId "44196008"]
[WhiteElo "1918"]
[BlackElo "2080"]

1. Nf3 Nf6 2. g3 e6 3. Bg2 d5 4. O-O Be7 5. b3 O-O 6. Bb2 b6 7. c4 Bb7 8. cxd5 Nxd5 9. Nc3 c5 10. Nxd5 Bxd5 11. Qc2 Nc6 12. a3 Na5 13. b4 cxb4 14. axb4 Rc8 15. Qd3 Nc4 16. Bc3 Qc7 17. Rfc1 Rfd8 18. Qb1 Qb8 19. d3 Nd6 20. Qb2 Bf8 21. e4 Bb7 22. Nd4 Ne8 23.
Rd1 Be7 24. Ne2 Bf6 25. d4 Nd6 26. d5 Bxc3 27. Nxc3 Nc4 28. Qb3 a6 29. dxe6 Rxd1+ 30. Rxd1 fxe6 31. b5 Qe5 32. bxa6 Bxa6 33. Bf1 Na5 34. Qxb6 Bxf1 35.
Rd8+ Rxd8 36. Qxd8+ Kf7 37. Qd7+ Kf6 38. Qd8+ Kg6 39. Qe8+ Kh6 40. Qc6 1/2-1/2

[Event "Pervenstvo PFO 2023_Y19_Rapid"]
[Site "Samara region, Russia"]
[Date "2023.11.11"]
[Round "3.3"]
[White "Lydin, Vladislav"]
[Black "Kunakkuzin, Rinat"]
[Result "1-0"]
[TimeControl "10:5"]
[WhiteFideId "44195990"]
[BlackFideId "54126584"]
[WhiteElo "2005"]
[BlackElo "1925"]

1. Nf3 d5 2. g3 g6 3. Bg2 Bg7 4. c4 dxc4 5. O-O e5 6.
Qa4+ Nc6 7. Qxc4 Nge7 8. d3 Be6 9. Qc2 h6 10. Nc3 O-O 11. Rb1 Nd4 12. Qd1 a5 13. b3 Qd7 14. Ne4 b6 15. Nxd4 exd4 16. Bxh6 Bh3 17.
Qd2 Bxg2 18. Kxg2 Nf5 19. Bxg7 Kxg7 20. Qf4 Rae8 21. h4 c5 22. h5 Rh8 23. Rh1 Qd5 24. g4 Nh6 25. Qf6+ Kg8 26.
hxg6 Rxe4 27. gxf7+ Nxf7 28. Qg6+ Kf8 29. dxe4 Rxh1 30. exd5 1-0

[Event "Pervenstvo PFO 2023_Y19_Rapid"]
[Site "Samara region, Russia"]
[Date "2023.11.11"]
[Round "3.4"]
[White "Sadykov, Ilgiz A."]
[Black "Evtukhov, Lev"]
[Result "1/2-1/2"]
[TimeControl "10:5"]
[WhiteFideId "34286217"]
[BlackFideId "44173210"]
[WhiteElo "1675"]
[BlackElo "1923"]

1. d4 d5 2. c4 e6 3.
Nc3 Nf6 4. Bg5 Be7 5. e3 O-O 6. Nf3 h6 7.
Bf4 dxc4 8. Bxc4 Nd5 9. Bg3 Nxc3 10. bxc3 c5 11. O-O Nc6 12. e4 cxd4 13. cxd4 b6 14. Rc1 Na5 15. Bb5 Bd6 16.
Ne5 a6 17. Nc6 Nxc6 18. Bxc6 Rb8 19. Qd2 Bb7 20. d5 exd5 21. exd5 Bc8 22. Qd3 b5 23. Rfe1 Bg4 24. a4 b4 25.
Qxa6 b3 26. Qd3 Bh5 27. Bxd6 Qxd6 28.
Bb5 b2 29. Rc6 Qb4 30. Qb1 Bg6 31. Rxg6 fxg6 32. Re2 Rxb5 33. axb5 Qxb5 1/2-1/2

[Event "Pervenstvo PFO 2023_Y19_Rapid"]
[Site "Samara region, Russia"]
[Date "2023.11.11"]
[Round "3.5"]
[White "Azizyan, Levon"]
[Black "Panteleev, Zakhar"]
[Result "1-0"]
[TimeControl "10:5"]
[WhiteFideId "44151888"]
[BlackFideId "34483977"]
[WhiteElo "1940"]
[BlackElo "1556"]

1. e4 c5 2. Nf3 Nc6 3.
Bb5 g6 4. c3 Bg7 5. d4 d5 6. dxc5 dxe4 7. Qxd8+ Kxd8 8. Ng5 Ke8 9. Nxe4 f5 10. Ng3 e5 11. Nd2 Nf6 12. Nc4 Nd7 13.
Nd6+ Kf8 14. b4 e4 15. Bd2 Nxb4 16. cxb4 Bxa1 17. Nxc8 Rxc8 18. Bxd7 Rd8 19. Ba4 Kg7 20. Ke2 Be5 21. Rb1 Bd4 22. Bg5 Bf6 23. Bxf6+ Kxf6 24.
Nf1 Rd4 25. g3 Rhd8 26. h4 h6 27. a3 g5 28. hxg5+ hxg5 29. Rd1 Ke5 30. Nd2 Rd3 31. Nc4+ Kd4 32. Nd6 f4 33. gxf4 gxf4 34. Rxd3+ exd3+ 35. Kd2 b6 36. c6 Rxd6 37. c7 Re6 38. c8=Q Re2+ 39. Kd1 1-0

[Event "Pervenstvo PFO 2023_Y19_Rapid"]
[Site "Samara region, Russia"]
[Date "2023.11.11"]
[Round "3.6"]
[White "Mochalov, Dmitriy"]
[Black "Gimazetdinov, Amir"]
[Result "1-0"]
[TimeControl "10:5"]
[WhiteFideId "44179634"]
[BlackFideId "54142440"]
[WhiteElo "2194"]
[BlackElo "1749"]

1. e4 c5 2. Nf3 d6 3. Bb5+ Nd7 4. c3 a6 5. Ba4 Ngf6 6. Bc2 g6 7. O-O Bg7 8. Re1 O-O 9. d4 cxd4 10. cxd4 e5 11. Nbd2 b5 12. Nf1 Bb7 13. Ng3 Rc8 14. b3 Qc7 15. Bd3 exd4 16. Bb2 Ne5 17. Bxd4 Nxd3 18. Qxd3 Qc2 19. Qe3 Ng4 20. Qf4 Bxd4 21. Nxd4 Qc3 22. Rad1 Ne5 23. Qf6 Nd3 24.
Re3 Bxe4 25. Nxe4 Rfe8 26. Nxc3 1-0

[Event "Pervenstvo PFO 2023_Y19_Rapid"]
[Site "Samara region, Russia"]
[Date "2023.11.11"]
[Round "3.7"]
[White "Pukhov, Ivan"]
[Black "Nigmadzyanov, Ruslan R."]
[Result "1-0"]
[TimeControl "10:5"]
[WhiteFideId "34301895"]
[BlackFideId "34224670"]
[WhiteElo "1955"]
[BlackElo "1542"]

1. d4 Nf6 2. c4 g6 3. g3 c6 4.
Nf3 d5 5. Bg2 Bg7 6. O-O dxc4 7. a4 a5 8.
Na3 Be6 9. Ng5 Bd5 10. e4 h6 11. exd5 hxg5 12. dxc6 Nxc6 13. Bxg5 Nxd4 14. Nxc4 Ne6 15. Qxd8+ Rxd8 16. Be3 Ng4 17.
Bb6 Rc8 18. Rac1 Kf8 19. Ne3 Rxc1 20. Rxc1 Nf6 21. Rc8+ Ne8 22. Bxb7 Bxb2 23. Bc6 N6g7 24. Bxa5 Rh5 25. Bb4 Bd4 26. Nd5 Rf5 27. Bxe7+ Kg8 28. Bxe8 Rxf2 29. Bxf7+ Kh7 30. Nf6+ Kh6 31. Rh8+ Kg5 32. Ne4+ Kh6 33. Rc8 Kh7 34. Nf6+ Rxf6+ 1-0